Map: Thunderbird LE

Players

pHARM

  • Race: Zerg Zerg
  • League: Platinum
  • Spawn Location: 5:00

Makana - Winner!

  • Race: Terran Terran
  • League: Platinum
  • Spawn Location: 11:00

VOD

Have the link to the VOD?

Description

Time

  • Played on: Sept. 4, 2019, 11:33 p.m.
  • Length: 15:56
Show
View Real Time Build Order
Export as new Build Order

pHARM Zerg 

Build Orders: Hatch First, Muta Ling Bane 

Get SALT Encoding   

  12  0:13  Overlord  
  12  0:20  Drone  
  13  0:26  Drone  
  14  0:32  Drone  
  15  0:41  Drone  
  16  0:52  Hatchery  
  16  0:57  Drone  
  16  0:58  Drone  
  17  1:08  Drone  
  18  1:24  Spawning Pool, Drone  
  18  1:41  Drone x2  
  20  2:10  Queen  
  20  2:11  Queen  
  20  2:13  Zergling x4  
  20  2:14  Drone x2  
  28  2:32  Overlord x2  
  28  2:50  Queen  
  30  2:55  Drone  
  30  2:56  Drone x4  
  35  3:02  Drone  
  36  3:16  Hatchery  
  36  3:18  Drone x4  
  39  3:21  Overlord  
  39  3:22  Overlord  
  39  3:29  Overlord x2  
  39  3:33  Drone  
  39  3:34  Drone x2  
  42  3:37  Extractor  
  42  3:39  Extractor  
  42  3:40  Extractor  
  40  3:41  Drone  
  40  3:45  Drone  
  41  3:57  Drone x7  
  41  3:58  Drone  
  49  4:04  Drone  
  34  4:32  Drone  
  34  4:33  Drone x9  
  44  5:04  Zergling x16  
  52  5:08  Lair  
  52  5:09  Metabolic Boost  
  52  5:11  Pneumatized Carapace  
  52  5:14  Zergling x4  
  52  5:15  Zergling x4  
  56  5:27  Spore Crawler  
  53  5:31  Spore Crawler  
  46  6:07  Spore Crawler  
  45  6:14  Zergling x2  
  45  6:15  Zergling x20  
  56  6:22  Baneling Nest  
  55  6:26  Queen  
  55  6:31  Zergling x2  
  55  6:32  Overlord x2  
  58  6:50  Queen  
  48  7:11  Zergling x30  
  49  7:40  Queen x2  
  53  7:52  Spire  
  53  7:55  Evolution Chamber  
  53  7:56  Evolution Chamber  
  53  7:57  Drone x10  
  60  8:09  Drone  
  60  8:10  Drone x4  
  65  8:25  Drone x7  
  72  8:35  Zerg Ground Armor Level 1, Zerg Melee Weapons Level 1  
  72  8:41  Extractor  
  69  8:56  Baneling x18  
  69  8:57  Zergling x2, Baneling x4  
  69  8:58  Zergling x12  
  69  8:59  Hatchery  
  72  9:08  Overlord x5  
  72  9:12  Zerg Flyer Armor Level 1  
  72  9:16  Centrifical Hooks  
  69  9:24  Overlord x3  
  58  9:53  Mutalisk x2  
  62  10:00  Hatchery  
  59  10:43  Hatchery  
  59  10:44  Drone x6  
  59  10:45  Drone x9  
  59  10:49  Spore Crawler  
  72  10:50  Spine Crawler  
  72  10:51  Spine Crawler  
  70  10:59  Spine Crawler  
  70  11:00  Spore Crawler  
  70  11:01  Spine Crawler  
  67  11:10  Extractor  
  66  11:12  Extractor  
  66  11:14  Zerg Melee Weapons Level 2, Zerg Ground Armor Level 2  
  65  11:22  Hydralisk Den  
  64  11:26  Infestation Pit, Zerg Flyer Weapons Level 1  
  64  11:31  Drone x9  
  55  12:17  Zergling x6  
  55  12:18  Zergling x26  
  67  12:26  Zergling x6  
  70  12:41  Extractor  
  70  12:43  Baneling, Extractor  
  68  12:44  Baneling x21  
  68  12:45  Baneling x10  
  68  12:47  Zergling x2  
  68  12:48  Zergling x12  
  75  12:58  Mutalisk x5  
  83  13:10  Grooved Spines  
  70  13:13  Zergling x8  
  41  14:21  Hatchery  
  40  14:25  Hatchery  
  39  14:36  Muscular Augments  
  39  14:53  Drone x4  
  39  14:54  Drone x12  
  55  15:04  Queen  
  55  15:06  Queen  
  59  15:27  Zergling x2  
  59  15:28  Zergling x12  
  66  15:36  Baneling  
  66  15:38  Baneling x2  
Show
View Real Time Build Order
Export as new Build Order

Makana Terran - Winner!

Build Orders: Gas First Reaper Expand, Banshee Rush 

Get SALT Encoding   

  12  0:00  SCV  
  13  0:12  SCV  
  14  0:17  Supply Depot  
  14  0:25  SCV  
  15  0:29  Refinery  
  15  0:38  SCV  
  16  0:44  Barracks  
  16  0:50  SCV  
  17  1:02  SCV  
  18  1:15  SCV  
  19  1:31  Orbital Command, Reaper  
  20  1:42  Command Center  
  20  1:52  Factory  
  20  1:57  SCV  
  21  2:05  Supply Depot  
  21  2:12  SCV  
  21  2:13  Barracks Reactor  
  22  2:18  Refinery  
  22  2:25  SCV  
  23  2:44  Starport  
  23  2:56  Hellion x2  
  23  2:57  Orbital Command  
  27  3:03  SCV  
  27  3:05  Barracks Tech Lab  
  28  3:17  SCV, Hellion x2  
  33  3:30  Cloaking Field, Viking  
  35  3:34  SCV x2  
  35  3:39  Supply Depot  
  37  3:52  Factory Tech Lab  
  37  3:57  SCV x2  
  37  3:59  Marine x2  
  37  4:00  Banshee  
  37  4:02  Supply Depot  
  44  4:09  SCV x2  
  43  4:29  Liberator  
  41  4:32  Marine x2, SCV x2  
  41  4:33  Siege Tank  
  46  4:50  Marine x2  
  51  4:55  Supply Depot  
  51  4:57  SCV x2  
  51  4:59  Command Center  
  53  5:00  Refinery  
  53  5:06  Barracks  
  53  5:07  Barracks  
  53  5:09  Siege Tank  
  53  5:12  Marine  
  53  5:14  Marine  
  58  5:37  SCV x2  
  60  5:43  Marine x2  
  60  5:45  Siege Tank  
  65  5:54  Starport Reactor, SCV  
  65  5:55  SCV  
  64  6:05  Barracks Reactor  
  64  6:06  Marine  
  65  6:19  Marine, Stimpack  
  65  6:23  SCV x2  
  68  6:27  Refinery  
  68  6:29  Engineering Bay  
  68  6:30  Engineering Bay  
  68  6:35  SCV  
  68  6:36  SCV  
  66  7:14  Marine x2  
  66  7:15  Siege Tank  
  64  7:18  Medivac x2  
  64  7:19  Marine x2  
  66  7:25  Terran Infantry Armor Level 1  
  66  7:29  Armory  
  65  7:36  Marine  
  66  7:46  SCV x2, Supply Depot  
  66  7:48  Supply Depot  
  68  7:52  Marine x2, Siege Tank  
  68  7:58  SCV x2  
  75  7:59  Orbital Command  
  75  8:03  Marine  
  75  8:04  Marine x2, Combat Shield  
  78  8:10  SCV x2  
  78  8:12  Marine x2  
  79  8:21  Marine  
  80  8:27  Terran Infantry Weapons Level 1  
  80  8:29  SCV x3  
  81  8:39  Marine x2  
  81  8:40  Marine x3  
  81  8:41  Siege Tank, Medivac x2  
  93  9:04  Marine x5  
  98  9:12  Barracks  
  98  9:13  Barracks  
  92  9:40  Marine x5  
  92  9:41  Siege Tank  
  100  9:48  Supply Depot x2  
  100  9:49  Supply Depot  
  100  9:50  Terran Infantry Armor Level 2  
  100  9:51  Supply Depot  
  100  10:05  Medivac  
  101  10:09  Medivac  
  101  10:13  Widow Mine  
  98  10:35  Missile Turret  
  98  10:37  Missile Turret x3  
  98  10:41  Missile Turret  
  98  10:42  Missile Turret x2  
  98  10:43  Missile Turret  
  98  10:44  Marine x4  
  98  10:45  Terran Infantry Weapons Level 2  
  98  10:47  Barracks Reactor x2  
  102  11:07  SCV x3  
  102  11:08  Command Center  
  102  11:09  Supply Depot  
  105  11:15  Supply Depot  
  105  11:16  Supply Depot  
  105  11:19  Marine x5, SCV x2  
  105  11:20  Siege Tank, Medivac, Refinery  
  105  11:21  Medivac  
  119  11:32  Refinery  
  119  11:37  Marine  
  120  11:41  Marine  
  120  11:42  Marine x7  
  128  11:54  Marine  
  129  12:02  Marine x8  
  129  12:03  Thor  
  142  12:12  Marine  
  131  12:19  Marine x2  
  131  12:20  Marine x3, Medivac x2  
  139  12:25  Marine x3  
  142  12:30  Marine  
  142  12:32  Liberator  
  142  12:47  Widow Mine  
  142  12:50  Medivac  
  149  13:03  Liberator  
  149  13:08  Siege Tank  
  149  13:10  Marine x6  
  149  13:11  Marine x2  
  160  13:15  Factory  
  122  14:05  Marine x5  
  122  14:06  Marine x4  
  125  14:13  Planetary Fortress  
  125  14:15  SCV x3  
  128  14:23  Marine  
  129  14:27  SCV x3  
  132  14:39  Factory Tech Lab, SCV  
  133  14:49  Supply Depot  
  133  14:50  Supply Depot  
  133  14:51  Supply Depot  
  133  14:53  Missile Turret  
  133  14:55  Missile Turret  
  133  14:57  Refinery  
  133  15:02  Refinery  
  133  15:08  Command Center  
  133  15:09  Command Center  
  133  15:14  Command Center  
  133  15:19  Marine x2  
  133  15:20  Marine x7  
  142  15:21  Siege Tank  
  142  15:27  Command Center  
  151  15:37  Marine x2  
Tags
 
Add a new tag
Caveats
  • Supply blocks, unpowered buildings, or Contaminate may cause inaccurate times.
  • Supply counts are checked every 10 seconds.